 Dungeon Crawl Stone Soup version 0.17-a0-1942-g46ae386 (webtiles) character file.

156325 Geeful the Peltast (level 18, -5/138 HPs)
             Began as a Human Wanderer on Sept 29, 2015.
             Was the Champion of Makhleb.
             Slain by the 27-headed Lernaean hydra (6 damage)
             ... on level 4 of the Swamp on Sept 30, 2015.
             The game lasted 03:32:34 (39430 turns).

Geeful the Peltast (Human Wanderer)                Turns: 39430, Time: 03:32:34

Health: -5/138     AC: 24    Str: 24    XL:     18   Next: 29%
Magic:  27/27      EV: 15    Int:  9    God:    Makhleb [******]
Gold:   1167       SH: 16    Dex: 16    Spells: 3 memorised, 10 levels left

rFire  . . .     SeeInvis .       - Unarmed
rCold  . . .     Clarity  .     O - +2 shadow dragon armour
rNeg   . . .     SustAt   .     X - +2 shield {reflect}
rPois  +         Gourm    .     f - +0 hat
rElec  .         Spirit   .     m - +2 cloak {rPois}
rCorr  .         Warding  .     l - +2 pair of gloves
rMut   .         Stasis   .     (no boots)
MR     ++...                    R - amulet of regeneration
Stlth  +++.......               J - +6 ring of slaying
                                a - +5 ring of strength

@: about to teleport, very slightly contaminated, hasted, very quick, very
resistant to hostile enchantments, fairly stealthy
A: dopey 1, magic resistance 1
a: Minor Destruction, Lesser Servant of Makhleb, Major Destruction, Greater
Servant of Makhleb, Renounce Religion


You were on level 4 of the Swamp.
You worshipped Makhleb.
Makhleb was exalted by your worship.
You were hungry.

You visited 5 branches of the dungeon, and saw 32 of its levels.
You also visited: Labyrinth.

You collected 3053 gold pieces.
You spent 1790 gold pieces at shops.

Inventory:

Hand weapons
 M - a +7 blowgun
Missiles
 t - 64 poisoned needles
 D - 4 curare-tipped needles
 P - a throwing net (quivered)
Armour
 f - a +0 hat (worn)
 l - a +2 pair of gloves (worn)
 m - a +2 cloak of poison resistance (worn)
 O - a +2 shadow dragon armour (worn)
 X - a +2 shield of reflection (worn)
Rods
 b - a +3 rod of clouds (12/12)
   (You found it in a labyrinth)
Jewellery
 a - a +5 ring of strength (left hand)
 r - an uncursed amulet of rage
 u - an uncursed ring of see invisible
 x - an uncursed ring of invisibility
 H - an uncursed amulet of clarity
 J - a +6 ring of slaying (right hand)
 R - an amulet of regeneration (around neck)
 S - an uncursed amulet of guardian spirit
Magical devices
 y - a wand of paralysis (11)
 F - a wand of draining (10)
 K - a wand of confusion (11)
 N - a wand of disintegration (8)
 Q - a wand of fire (1)
 U - a wand of cold (9)
Scrolls
 d - a scroll of fear
 h - 3 scrolls of enchant armour
 i - 4 scrolls of remove curse
 p - 10 scrolls of recharging
 w - 5 scrolls of teleportation
 z - 3 scrolls of magic mapping
 T - 7 scrolls of identify
 Y - 6 scrolls of holy word
Potions
 k - 2 potions of magic
 o - 3 potions of brilliance
 s - 3 potions of heal wounds
 v - 6 potions of curing
 A - 2 potions of agility
 B - a potion of invisibility
 C - a potion of might
 E - a potion of cancellation
 I - 4 potions of lignification
 L - a potion of berserk rage
Miscellaneous
 g - a lamp of fire
 n - an ornate deck of changes {drawn: 3}
 W - an ornate deck of wonders {drawn: 7}
Comestibles
 c - a slice of pizza
 e - 15 bread rations
 j - 9 meat rations
 q - 7 beef jerkies
 V - 3 fruits


   Skills:
 - Level 11.3 Fighting
   Level 1.0 Crossbows
 - Level 1.0 Throwing
 - Level 11.2 Armour
 - Level 11.0 Dodging
 - Level 1.0 Stealth
 * Level 15.1 Shields
 - Level 14.9 Unarmed Combat
 - Level 4.8 Charms
 - Level 12.3 Invocations
 - Level 5.4 Evocations


You had 10 spell levels left.
You knew the following spells:

 Your Spells              Type           Power        Failure   Level  Hunger
a - Ozocubu's Armour      Chrm/Ice       #.......     100%        3    ####...
b - Repel Missiles        Chrm/Air       #.....       96%         2    ###....
c - Shroud of Golubria    Chrm/Tloc      #.........   96%         2    ###....


Dungeon Overview and Level Annotations

Branches:
Dungeon (15/15)            Temple (1/1) D:6            Lair (8/8) D:8
  Swamp (4/4) Lair:6       Spider (0/4) Lair:5        Slime (0/6) Lair:6
    Orc (4/4) D:11            Elf (0/3) Orc:3        Vaults (0/5) D:13
 Depths (0/5) D:15

Altars:
Ashenzari
Cheibriados
Dithmenos
Elyvilon
Fedhas
Gozag
Kikubaaqudgha
Makhleb
Nemelex Xobeh
Okawaru
Qazlal
Ru
Sif Muna
Trog
Vehumet
Xom
Yredelemnul
Zin
The Shining One
Beogh
Jiyva

Shops:
D:7 ?   D:14 [   Orc:1 ?   Orc:4 *(*[(

Annotations:
Swamp:4 Lernaean hydra


Innate Abilities, Weirdness & Mutations

You are dopey. (Int -2)
You are resistant to hostile enchantments.


Message History

* * * LOW HITPOINT WARNING * * *
The 27-headed Lernaean hydra bites you but does no damage.
You block the 27-headed Lernaean hydra's attack.
The 27-headed Lernaean hydra bites you.
* * * LOW HITPOINT WARNING * * *
The 27-headed Lernaean hydra bites you but does no damage.
The 27-headed Lernaean hydra bites you!
* * * LOW HITPOINT WARNING * * *
You block the 27-headed Lernaean hydra's attack.
The 27-headed Lernaean hydra bites you!
* * * LOW HITPOINT WARNING * * *
The 27-headed Lernaean hydra bites you but does no damage. x3
The 27-headed Lernaean hydra bites you.
* * * LOW HITPOINT WARNING * * *
The 27-headed Lernaean hydra bites you.
* * * LOW HITPOINT WARNING * * *
The 27-headed Lernaean hydra bites you but does no damage.
The 27-headed Lernaean hydra misses you.
The 27-headed Lernaean hydra bites you.
You die...

♣...≈♣ ♣♣....≈≈≈≈≈≈♣♣♣ ♣
*♣≈..♣♣ ♣≈≈≈≈≈≈≈≈≈≈≈.♣♣♣
*♣...♣ ♣.≈≈≈≈≈≈≈≈≈≈≈≈≈.
♣...♣♣ ♣♣♣♣♣♣..≈≈≈§≈≈≈.
♣♣♣.≈≈.♣♣♣♣≈.♣♣♣≈≈≈≈≈≈≈≈.
♣♣.≈≈.≈♣♣♣≈...≈♣♣.≈≈≈...≈≈
♣♣....≈..♣♣♣..≈.≈.....♣♣≈≈≈
♣♣≈≈.≈≈....♣≈..≈≈..≈♣♣♣♣♣♣.≈
♣.≈...≈....@DDD≈≈≈..≈...♣♣≈≈
♣..≈.§......D†.≈≈≈≈≈≈....≈♣.
♣.≈≈≈...≈#...≈D.≈≈.≈.[...(..
♣..≈≈.≈≈.♣≈..≈♣.......#.....
♣♣.≈.≈≈≈≈..≈≈≈♣♣D.......≈♣♣≈
*♣≈≈#≈≈≈#...≈♣♣≈.†♣♣≈≈≈..♣♣≈
♣≈≈≈≈≈≈≈≈≈#♣♣♣.≈..≈♣♣≈♣♣#♣♣♣
♣♣≈≈≈≈♣♣♣≈≈≈♣.#.†..♣♣♣♣ ♣
♣≈≈≈≈* ♣♣♣♣.≈#...#.♣


You could see the 27-headed Lernaean hydra, an eight-headed hydra, a four-headed
hydra and 3 swamp dragons.

Vanquished Creatures
  Agnes (D:14)
  3 thorn hunters
  Donald (Orc:3)
  An orc warlord (Orc:3)
  Louise (Swamp:1)
  4 vault guards
  2 fire dragons (D:15)
  Josephine (D:11)
  A minotaur (Lab)
  2 ogre magi
  15 hydras
  Erolcha (D:9)
  2 ghost crabs
  4 centaur warriors
  2 catoblepae
  10 alligators
  A queen ant (Lair:6)
  The ghost of Expolaris the Blocker, an experienced DsFi of Cheibriados (D:8)
  3 death yaks
  Urug (D:15)
  8 hill giants
  An unseen horror (D:15)
  The ghost of Geeful the Martial Artist, an experienced HuWn of Makhleb (D:7)
  A deep troll (Orc:4)
  A spriggan druid (Swamp:2)
  4 swamp dragons
  An infernal demonspawn (D:14)
  The ghost of Ultraviolent4 the Frost Mage, an experienced HuIE of Vehumet (Lab)
  A wizard (D:15)
  An orc knight (Orc:3)
  A manticore (D:12)
  An orc sorcerer (Orc:3)
  5 cyclopes
  5 ugly things
  46 elephants
  A griffon (Lair:5)
  A hornet (Swamp:2)
  Maurice (D:7)
  A gargoyle (D:10)
  A torpor snail (Lair:8)
  7 black mambas
  18 spiny frogs
  6 komodo dragons
  2 kobold demonologists (D:15)
  3 fire drakes
  7 two-headed ogres
  9 trolls
  3 polar bears
  31 blink frogs
  9 giant leeches
  Prince Ribbit (D:9)
  A boulder beetle (Lair:8)
  10 slime creatures
  A trapdoor spider zombie (D:9)
  5 spriggans
  6 bog bodies
  A shadow (Lair:6)
  3 deep elf magi
  3 wyverns
  10 hippogriffs
  2 trapdoor spiders
  2 basilisks
  52 yaks
  19 wolves
  34 vampire mosquitoes
  A basilisk (shapeshifter) (D:15)
  7 wraiths
  6 hungry ghosts
  13 soldier ants
  4 insubstantial wisps (Swamp:3)
  A steam dragon (D:12)
  2 wargs
  3 mottled dragons
  5 water moccasins
  18 swamp worms
  13 porcupines
  Duvessa (D:6)
  18 ice beasts
  10 swamp drakes
  3 phantoms
  7 wasps
  2 black bears (D:6)
  22 centaurs
  2 eyes of draining
  A necrophage (D:11)
  A sky beast (D:11)
  17 orc warriors
  28 ogres
  The ghost of Dip the Insei, an average DsMo (D:3)
  7 big kobolds
  28 giant frogs
  14 crocodiles
  A wyvern zombie (D:11)
  Dowan (D:6)
  2 scorpions
  A water moccasin zombie (D:6)
  4 vampire bats (Lair:3)
  17 killer bees
  2 giant frog zombies
  6 crimson imps
  18 orc priests
  2 electric eels
  2 giant frog skeletons
  4 centaur zombies
  A jelly (D:11)
  3 quasits
  27 orc wizards
  A gnoll shaman (D:4)
  46 worker ants
  4 centaur skeletons
  7 iguanas
  3 hounds
  7 sheep
  2 hound skeletons
  9 gnolls
  41 river rats
  A hound simulacrum (D:8)
  A shadow imp (D:14)
  15 adders
  3 white imps (D:8)
  2 ufetubi (D:8)
  An adder skeleton (D:8)
  An adder zombie (D:7)
  2 worms
  5 giant geckos
  162 orcs
  4 giant cockroaches
  3 goblins
  11 hobgoblins
  15 jackals
  17 kobolds
  4 quokkas
  A ball python (D:3)
  16 bats
  A giant gecko skeleton (D:4)
  3 giant newts
  2 quokka skeletons
  11 rats
  A briar patch (Swamp:4)
  5 fungi
  10 plants
1128 creatures vanquished.

Vanquished Creatures (collateral kills)
  Rupert (Lair:8)
  Snorg (Orc:1)
  A ghost crab (Swamp:3)
  5 hydras
  Erica (Lair:1)
  4 death yaks (Lair:5)
  A deep troll (Orc:4)
  2 spriggan druids
  A hill giant (Orc:4)
  2 cyclopes (Orc:4)
  A black mamba (Lair:4)
  An elephant (Lair:8)
  An oklob plant (Lair:5)
  A spiny frog (Swamp:3)
  3 trolls (Orc:4)
  3 giant leeches
  4 two-headed ogres
  2 blink frogs
  A spriggan (Swamp:1)
  4 vampire mosquitoes (Swamp:3)
  A hippogriff (Lair:5)
  A wolf (Lair:6)
  A soldier ant (Lair:6)
  2 wasps (Swamp:3)
  A swamp drake (Swamp:4)
  A crocodile (Lair:5)
  3 ogres
  3 orc warriors (Orc:4)
  2 giant frogs (Lair:8)
  2 killer bees
  An electric eel (Lair:8)
  3 orc priests (Orc:4)
  5 orc wizards
  A worker ant (Lair:6)
  5 river rats (Lair:8)
  18 orcs
  2 fungi (Lair:5)
92 creatures vanquished.

Vanquished Creatures (others)
  Nessos (Orc:4)
  A shambling mangrove (Swamp:3)
  An orc sorcerer (Orc:3)
  A hound zombie (D:7)
  An orc (Orc:4)
  A kobold (D:15)
  2 briar patches (Swamp:4)
  32 fungi
  15 plants
55 creatures vanquished.

Grand Total: 1275 creatures vanquished

Notes
Turn   | Place    | Note
--------------------------------------------------------------
     0 | D:1      | Geeful the Human Wanderer began the quest for the Orb.
     0 | D:1      | Geeful set off with: a +2 dagger, a potion of heal wounds, a +0 quarterstaff, a +0 ring mail, a bread ration, a !bad item (cl:100,ty:0,pl:0,pl2:0,sp:0,qu:0), a !bad item (cl:100,ty:0,pl:0,pl2:0,sp:0,qu:0), a !bad item (cl:100,ty:0,pl:0,pl2:0,sp:0,qu:0), a !bad item (cl:100,ty:0,pl:0,pl2:0,sp:0,qu:0), a !bad item (cl:100,ty:0,pl:0,pl2:0,sp:0,qu:0), a !bad item (cl:100,ty:0,pl:0,pl2:0,sp:0,qu:0), a !bad item (cl:100,ty:0,pl:0,pl2:0,sp:0,qu:0), a !bad item (cl:100,ty:0,pl:0,pl2:0,sp:0,qu:0), a !bad item (cl:100,ty:0,pl:0,pl2:0,sp:0,qu:0), a !bad item (cl:100,ty:0,pl:0,pl2:0,sp:0,qu:0), a !bad item (cl:100,ty:0,pl:0,pl2:0,sp:0,qu:0), a !bad item (cl:100,ty:0,pl:0,pl2:0,sp:0,qu:0), a !bad item (cl:100,ty:0,pl:0,pl2:0,sp:0,qu:0), a !bad item (cl:100,ty:0,pl:0,pl2:0,sp:0,qu:0), a !bad item (cl:100,ty:0,pl:0,pl2:0,sp:0,qu:0), a !bad item (cl:100,ty:0,pl:0,pl2:0,sp:0,qu:0), a !bad item (cl:100,ty:0,pl:0,pl2:0,sp:0,qu:0), a !bad item (cl:100,ty:0,pl:0,pl2:0,sp:0,qu:0), a !bad item (cl:100,ty:0,pl:0,pl2:0,sp:0,qu:0), a !bad item (cl:100,ty:0,pl:0,pl2:0,sp:0,qu:0), a !bad item (cl:100,ty:0,pl:0,pl2:0,sp:0,qu:0), a !bad item (cl:100,ty:0,pl:0,pl2:0,sp:0,qu:0), a !bad item (cl:100,ty:0,pl:0,pl2:0,sp:0,qu:0), a !bad item (cl:100,ty:0,pl:0,pl2:0,sp:0,qu:0), a !bad item (cl:100,ty:0,pl:0,pl2:0,sp:0,qu:0), a !bad item (cl:100,ty:0,pl:0,pl2:0,sp:0,qu:0), a !bad item (cl:100,ty:0,pl:0,pl2:0,sp:0,qu:0), a !bad item (cl:100,ty:0,pl:0,pl2:0,sp:0,qu:0), a !bad item (cl:100,ty:0,pl:0,pl2:0,sp:0,qu:0), a !bad item (cl:100,ty:0,pl:0,pl2:0,sp:0,qu:0), a !bad item (cl:100,ty:0,pl:0,pl2:0,sp:0,qu:0), a !bad item (cl:100,ty:0,pl:0,pl2:0,sp:0,qu:0), a !bad item (cl:100,ty:0,pl:0,pl2:0,sp:0,qu:0), a !bad item (cl:100,ty:0,pl:0,pl2:0,sp:0,qu:0), a !bad item (cl:100,ty:0,pl:0,pl2:0,sp:0,qu:0), a !bad item (cl:100,ty:0,pl:0,pl2:0,sp:0,qu:0), a !bad item (cl:100,ty:0,pl:0,pl2:0,sp:0,qu:0), a !bad item (cl:100,ty:0,pl:0,pl2:0,sp:0,qu:0), a !bad item (cl:100,ty:0,pl:0,pl2:0,sp:0,qu:0), a !bad item (cl:100,ty:0,pl:0,pl2:0,sp:0,qu:0), a !bad item (cl:100,ty:0,pl:0,pl2:0,sp:0,qu:0), a !bad item (cl:100,ty:0,pl:0,pl2:0,sp:0,qu:0), a !bad item (cl:100,ty:0,pl:0,pl2:0,sp:0,qu:0), a !bad item (cl:100,ty:0,pl:0,pl2:0,sp:0,qu:0), a !bad item (cl:100,ty:0,pl:0,pl2:0,sp:0,qu:0), a !bad item (cl:100,ty:0,pl:0,pl2:0,sp:0,qu:0), a !bad item (cl:100,ty:0,pl:0,pl2:0,sp:0,qu:0)
     0 | D:1      | Reached XP level 1. HP: 18/18 MP: 1/1
   112 | D:1      | Reached XP level 2. HP: 24/24 MP: 2/2
   442 | D:1      | Reached XP level 3. HP: 24/29 MP: 3/3
   795 | D:2      | Found a shadowy altar of Dithmenos.
   944 | D:2      | Reached XP level 4. HP: 27/35 MP: 4/4
  1138 | D:2      | Found a blossoming altar of Fedhas.
  1346 | D:2      | Reached skill level 4 in Unarmed Combat
  1631 | D:3      | Noticed Dip's ghost (average DsMo)
  1680 | D:3      | Killed Dip's ghost
  1680 | D:3      | Reached skill level 5 in Unarmed Combat
  1680 | D:3      | Reached XP level 5. HP: 41/41 MP: 5/5
  1911 | D:3      | Reached XP level 6. HP: 47/47 MP: 6/6
  2300 | D:3      | HP: 2/47 [gnoll/whip (4)]
  2410 | D:3      | Reached skill level 13 in Unarmed Combat
  2410 | D:3      | Reached XP level 7. HP: 52/52 MP: 7/7
  3067 | D:5      | Entered Level 5 of the Dungeon
  3121 | D:5      | Reached XP level 8. HP: 43/58 MP: 8/8
  4107 | D:6      | Found a staircase to the Ecumenical Temple.
  4116 | Temple   | Entered the Ecumenical Temple
  4165 | Temple   | Became a worshipper of Makhleb the Destroyer
  4195 | D:6      | Reached XP level 9. HP: 59/65 MP: 9/9
  4222 | D:6      | Noticed Duvessa
  4225 | D:6      | Noticed Dowan
  4236 | D:6      | Killed Duvessa
  4246 | D:6      | Killed Dowan
  5123 | D:7      | Gained mutation: You are resistant to hostile enchantments. [potion of beneficial mutation]
  5158 | D:7      | Noticed Geeful's ghost (experienced HuWn)
  5187 | D:7      | Killed Geeful's ghost
  5187 | D:7      | Reached skill level 5 in Fighting
  5251 | D:7      | Found Vuamo Ram's Magic Scroll Shop.
  5254 | D:7      | Bought a scroll of teleportation for 36 gold pieces
  5254 | D:7      | Bought a scroll of blinking for 90 gold pieces
  5276 | D:7      | Found a snail-covered altar of Cheibriados.
  5276 | D:7      | Found a glowing silver altar of Zin.
  5276 | D:7      | Found a basalt altar of Yredelemnul.
  5285 | D:7      | Acquired Makhleb's first power
  5740 | D:7      | Found a white marble altar of Elyvilon.
  5798 | D:8      | Reached XP level 10. HP: 70/74 MP: 9/11
  5826 | D:8      | Found a staircase to the Lair.
  5863 | D:8      | Noticed Expolaris's ghost (experienced DsFi)
  5863 | D:8      | Noticed Maurice
  5904 | D:7      | Killed Maurice
  5904 | D:7      | Reached skill level 1 in Invocations
  6178 | D:8      | Killed Expolaris's ghost
  6280 | D:8      | Noticed a polar bear
  6282 | D:8      | Reached skill level 5 in Armour
  6299 | D:8      | Killed a polar bear
  6303 | D:8      | Acquired Makhleb's second power
  6485 | D:8      | Reached skill level 5 in Dodging
  7392 | D:8      | Acquired Makhleb's third power
  7401 | D:8      | Reached XP level 11. HP: 69/81 MP: 13/13
  7628 | D:8      | Noticed a polar bear
  7642 | D:8      | Killed a polar bear
  8226 | D:9      | Noticed Erolcha
  8234 | D:9      | Killed Erolcha
  8315 | D:9      | Learned a level 3 spell: Ozocubu's Armour
  8696 | D:9      | Noticed Prince Ribbit
  8701 | D:9      | Killed Prince Ribbit
  8953 | D:10     | Entered Level 10 of the Dungeon
  9158 | D:10     | Noticed a cyclops
  9183 | D:10     | Killed a cyclops
  9618 | D:10     | Noticed a hill giant
  9641 | D:10     | Killed a hill giant
  9662 | D:10     | Acquired Makhleb's fourth power
 10101 | D:10     | Reached skill level 5 in Evocations
 10506 | D:10     | Reached XP level 12. HP: 73/91 MP: 15/15
 10684 | D:10     | Reached skill level 5 in Invocations
 10811 | D:10     | Acquired Makhleb's fifth power
 11640 | D:11     | Identified the Almanac of Beguiling
 11717 | D:11     | Found a staircase to the Orcish Mines.
 11757 | D:11     | Noticed Josephine
 11767 | D:11     | Killed Josephine
 11929 | D:11     | You fall through a shaft for 2 floors!
 12029 | D:13     | Found a gate to the Vaults.
 12029 | D:13     | Noticed a vault guard
 12029 | D:13     | Noticed a vault guard
 12029 | D:13     | Noticed a vault guard
 12030 | D:13     | Noticed a centaur warrior
 12031 | D:13     | Noticed a vault guard
 12063 | D:12     | Got a translucent golden ring
 12118 | D:12     | Noticed a six-headed hydra
 12370 | D:11     | Identified the ring "Otakasis" {Str+2 Int+3} (You found it on level 12 of the Dungeon)
 12515 | D:11     | Noticed a seven-headed hydra
 12531 | D:11     | Killed a seven-headed hydra
 12620 | D:11     | Reached XP level 13. HP: 80/99 MP: 18/18
 12908 | Lair:1   | Entered Level 1 of the Lair of Beasts
 12924 | Lair:1   | Noticed Erica
 12939 | Lair:1   | Killed Erica
 14784 | Lair:2   | Found a radiant altar of Vehumet.
 16905 | Lair:3   | HP: 5/102 [poisoned by a black mamba]
 17333 | Lair:4   | Found a frozen archway.
 17716 | Lair:5   | Reached XP level 14. HP: 86/109 MP: 20/20
 17720 | Lair:5   | Reached skill level 10 in Fighting
 17828 | Lair:5   | Found a hole to the Spider Nest.
 17839 | Lair:5   | Found a labyrinth entrance.
 17865 | Lab      | Entered a labyrinth
 18033 | Lab      | Noticed Ultraviolent4's ghost (experienced HuIE)
 18063 | Lab      | Killed Ultraviolent4's ghost
 19352 | Lab      | Reached skill level 10 in Armour
 19455 | Lair:5   | Identified a +3 rod of clouds (12/12) (You found it in a labyrinth)
 19482 | Lair:5   | Learned a level 2 spell: Repel Missiles
 19620 | Lair:5   | Reached skill level 1 in Charms
 19629 | Lair:5   | Reached skill level 10 in Dodging
 19801 | Lair:5   | Found a shimmering altar of Xom.
 19992 | Lair:6   | You fall through a shaft for 2 floors!
 19992 | Lair:8   | Entered Level 8 of the Lair of Beasts
 20037 | Lair:8   | Reached skill level 10 in Invocations
 20588 | Lair:6   | Upgraded the game from 0.17-a0-1939-ga475588 to 0.17-a0-1942-g46ae386
 20607 | Lair:6   | Found a viscous altar of Jiyva.
 20607 | Lair:6   | Found a staircase to the Slime Pits.
 20911 | Lair:6   | Found a staircase to the Swamp.
 21930 | Lair:7   | Identified a scroll of acquirement
 21976 | Lair:7   | Reached XP level 15. HP: 72/117 MP: 22/22
 23930 | Lair:8   | Found an ancient bone altar of Kikubaaqudgha.
 24043 | Lair:8   | Noticed Rupert
 24102 | Lair:8   | Killed Rupert
 24653 | Lair:7   | Reached skill level 14 in Unarmed Combat
 25403 | Lair:7   | Reached XP level 16. HP: 118/125 MP: 25/25
 26308 | Lair:8   | Identified a +5 rod of shadows (14/14) (You found it on level 8 of the Lair of Beasts)
 26824 | Orc:1    | Entered Level 1 of the Orcish Mines
 26917 | Orc:1    | Found Ugyijoq's Magic Scroll Shop.
 27758 | Orc:3    | Found a roughly hewn altar of Beogh.
 27857 | Orc:3    | Found a staircase to the Elven Halls.
 27885 | Orc:3    | Noticed Donald
 27906 | Orc:3    | Killed Donald
 28161 | Orc:3    | Reached skill level 1 in Shields
 28398 | Orc:4    | Entered Level 4 of the Orcish Mines
 28661 | Orc:4    | Found Juycug's Assorted Antiques.
 28662 | Orc:4    | Noticed Nessos
 29403 | Orc:4    | HP: 4/125 [orc warrior/battleaxe[an orc warlord] (8)]
 29412 | Orc:4    | HP: 6/125 [something/puff of flame (5)]
 30085 | Orc:3    | Reached skill level 5 in Shields
 30588 | Orc:4    | Killed Nessos
 30627 | Orc:4    | Found Orghom's Armour Emporium.
 30685 | Orc:4    | Found Obiawnya's Antique Weapon Boutique.
 30694 | Orc:4    | Bought a +0 cloak of poison resistance for 119 gold pieces
 30710 | Orc:4    | Found Duwi's General Store.
 30719 | Orc:4    | Bought a potion of heal wounds for 65 gold pieces
 30719 | Orc:4    | Bought a scroll of identify for 26 gold pieces
 30719 | Orc:4    | Bought a scroll of teleportation for 39 gold pieces
 30790 | Orc:4    | Found Uchuts's Antique Weapon Boutique.
 31053 | Orc:1    | Noticed Snorg
 31067 | Orc:1    | Killed Snorg
 31083 | Orc:1    | Bought a scroll of acquirement for 572 gold pieces
 31262 | Orc:1    | Bought a scroll of fear for 38 gold pieces
 31262 | Orc:1    | Bought a scroll of enchant armour for 82 gold pieces
 31262 | Orc:1    | Bought a scroll of magic mapping for 38 gold pieces
 31262 | Orc:1    | Bought a scroll of enchant armour for 82 gold pieces
 31262 | Orc:1    | Bought a scroll of magic mapping for 38 gold pieces
 31262 | Orc:1    | Bought a scroll of enchant weapon for 82 gold pieces
 31262 | Orc:1    | Bought a scroll of enchant armour for 82 gold pieces
 31262 | Orc:1    | Bought a scroll of magic mapping for 38 gold pieces
 31262 | Orc:1    | Bought a scroll of enchant weapon for 82 gold pieces
 31287 | Orc:4    | Bought a dented blue amulet for 115 gold pieces
 31287 | Orc:4    | Bought a fuming dark potion for 20 gold pieces
 31305 | Orc:4    | Bought a scroll of identify for 26 gold pieces
 31616 | D:7      | Bought a scroll of identify for 24 gold pieces
 31616 | D:7      | Bought 3 scrolls of identify for 72 gold pieces
 31616 | D:7      | Bought a scroll of identify for 24 gold pieces
 31940 | D:12     | Killed a vault guard
 32096 | D:12     | Learned a level 2 spell: Shroud of Golubria
 32471 | D:13     | Killed a vault guard
 32533 | D:13     | Killed a vault guard
 32544 | D:13     | Killed a centaur warrior
 32698 | D:14     | Found Xeqabre's Armour Boutique.
 32953 | D:14     | Gained mutation: Armour fits poorly on your strangely shaped body. [helix card]
 32954 | D:14     | Drew Focus: Str increased to 17, Int decreased to 12
 32955 | D:14     | Drew Focus: Str increased to 18, Int decreased to 11
 32975 | D:14     | Lost mutation: Armour fits poorly on your strangely shaped body. [helix card]
 32975 | D:14     | Gained mutation: You are dopey. (Int -2) [helix card]
 33333 | D:15     | Entered Level 15 of the Dungeon
 33540 | D:15     | Reached XP level 17. HP: 131/131 MP: 26/26
 33703 | D:15     | Reached skill level 10 in Shields
 33805 | D:15     | Found a staircase to the Depths.
 34019 | D:15     | Found an iron altar of Okawaru.
 34053 | D:15     | Noticed Urug
 34062 | D:15     | Killed Urug
 34378 | D:14     | Noticed Agnes
 34396 | D:14     | Killed Agnes
 34458 | D:13     | Killed a vault guard
 35695 | Swamp:1  | Entered Level 1 of the Swamp
 36227 | Swamp:1  | Noticed Louise
 36246 | Swamp:1  | Killed Louise
 37999 | Swamp:3  | Reached XP level 18. HP: 135/138 MP: 27/27
 38326 | Swamp:4  | Entered Level 4 of the Swamp
 39312 | Swamp:4  | Reached skill level 15 in Shields
 39418 | Swamp:4  | Noticed the 27-headed Lernaean hydra
 39430 | Swamp:4  | HP: 5/138 [the 27-headed Lernaean hydra (8)]
 39430 | Swamp:4  | HP: 1/138 [the 27-headed Lernaean hydra (3)]
 39430 | Swamp:4  | Slain by the 27-headed Lernaean hydra

Vault maps used:
D:1:      tarquinn_simple_flora_water_e
D:2:      lemuel_crystal_altar, old_standard_altar, first_bread, minmay_ruptured
D:6:      minmay_temple_entry_large_hall, uniq_duvessa
D:7:      lemuel_coloured_pillars_altar, gammafunk_temple_overflow_claw,
          serial_shops, kennysheep_mini_moat, minmay_splitting_lines,
          grunt_ogre_cave
D:8:      due_lair_maze_entry_diamond, serial_ice, serial_ice_k, serial_ice_o,
          serial_ice_e, serial_ice_f, serial_ice_n, serial_ice_m,
          due_unseen_surprise, uniq_maurice
D:9:      uniq_erolcha, uniq_prince_ribbit1
D:10:     special_room
D:11:     orc_0_dummy, mrwooster_statue_mirror, uniq_josephine
D:12:     kennysheep_funnel
D:13:     lightli_vaults_fourway_checkpoint
D:14:     serial_shops, shop, amalloy_card_club, uniq_agnes
D:15:     grunt_enter_depths_hoard, minivault_26, okawaru_ov_weapons_minmay,
          uniq_urug
Temple:   nicolae_temple_god_jail
Lair:1:   minivault_27, serial_bayou_shore_a, uniq_erica
Lair:2:   wad_woods_structure_01, lemuel_centaur_altar
Lair:3:   roderic_batcave
Lair:4:   portal_ice_cave_entry_ice_beasts
Lair:5:   spider_nest_entry_web_field, lab_entry_generic, lemuel_oklob_altar
Lair:6:   minmay_swamp_entry_worms, slime_altar_1, zaba_anthell
Lair:7:   beast_lair_carwin_large_4
Lair:8:   minmay_lair_end_frog_pond, basic_altar, uniq_rupert
Swamp:1:  evilmike_swamp_ruin_house_5, swamp_pool5, uniq_louise
Swamp:2:  hangedman_swamp_blocks, swamp_pool2
Swamp:3:  nicolae_swamp_trees_clearing
Swamp:4:  swamp_old_school, swamp_pool4, infiniplex_staircase_pool_2
Orc:1:    serial_shops, nicolae_shop_competitors_out_of_business, uniq_snorg
Orc:3:    serial_shops, basic_altar, nicolae_orc_pool_cavern, uniq_donald
Orc:4:    st_orc_open, serial_shops, nicolae_shop_overgrown_old_shop,
          statue_in_the_mist_lemuel, uniq_nessos
Lab:      nicolae_lab_grate_2

Action                   |  1- 3 |  4- 6 |  7- 9 | 10-12 | 13-15 | 16-18 || total
-------------------------+-------+-------+-------+-------+-------+-------++-------
Melee: Unarmed           |   178 |   153 |   278 |   866 |  1577 |  1658 ||  4710
 Fire: Blowgun           |       |       |       |       |    20 |    15 ||    35
Throw: Throwing net      |       |       |       |       |     3 |       ||     3
 Cast: Repel Missiles    |       |       |       |       |     1 |     2 ||     3
Invok: Lesser Servant of |       |       |       |       |    24 |    21 ||    45
       Greater Servant o |       |       |       |       |     1 |     7 ||     8
 Abil: Evoke Invisibilit |       |       |     2 |       |       |       ||     2
       Evoke Berserk Rag |       |       |     1 |     3 |       |       ||     4
Evoke: Wand              |       |       |       |    40 |    15 |    12 ||    67
       Deck              |       |       |       |     2 |       |     8 ||    10
       Rod               |       |       |       |       |     6 |     8 ||    14
  Use: Potion            |       |     4 |     5 |     5 |     4 |     9 ||    27
       Scroll            |       |     3 |     6 |    13 |    25 |    26 ||    73
 Stab: Invisible         |       |       |     3 |       |       |       ||     3
       Paralysed         |       |       |       |    16 |       |       ||    16
       Confused          |       |       |       |     8 |     2 |     5 ||    15
       Distracted        |       |       |       |       |     4 |    13 ||    17
       Held in net/web   |       |       |       |       |     2 |       ||     2
       Sleeping          |       |       |       |       |       |    13 ||    13
  Eat: Chunk             |       |     5 |    12 |    19 |    36 |    47 ||   119
       Royal jelly       |       |       |       |     1 |     2 |       ||     3
       Pizza             |       |       |       |     1 |       |     1 ||     2
       Meat ration       |       |       |       |     1 |     1 |       ||     2
       Fruit             |       |       |       |       |     5 |     2 ||     7
       Beef jerky        |       |       |       |       |       |     8 ||     8
